 Dungeon Sprint DCSS version 0.30-a0-1112-gfb780f5df6 (webtiles) character file.

Game seed: 6239610843572495641

1503 dialectric the Carver (level 8, -10/60 HPs)
             Began as a Gargoyle Fighter on Apr 19, 2023.
             Was a Believer of Trog.
             Mangled by a polar bear (11 damage)
             ... in the Dungeon (Sprint II: "The Violet Keep of Menkaure").
             The game lasted 00:03:39 (780 turns).

dialectric the Carver (Gargoyle Fighter)             Turns: 780, Time: 00:03:39

Health: -10/60     AC: 18    Str: 21    XL:     8   Next: 82%
Magic:  17/17      EV: 11    Int: 11    God:    Trog [**....]
Gold:   720        SH:  0    Dex: 11    Spells: 7/7 levels left

rFire   . . .      SeeInvis .    a - +0 long sword
rCold   . . .      Faith    .    (no shield)
rNeg    + . .      Spirit   .    d - +5 ring mail "Rocrirphipn" {rPois MP+9 Int+3}
rPois   ∞          Reflect  .    (no helmet)
rElec   +          Rampage  .    (no cloak)
rCorr   .          NoTele   +    (no gloves)
Will    .....                    (no boots)
Stlth   +                        (no amulet)
HPRegen 0.30/turn                (no ring)
MPRegen 0.15/turn                (no ring)

@: on berserk cooldown
A: sickness immunity, AC +5, negative energy resistance 1, electricity
resistance, torment resistance 1, petrification resistance
a: Renounce Religion, Berserk, Trog's Hand


You were in the Dungeon.
You worshipped Trog.
Trog was pleased with you.
You visited 1 branch You collected 972 gold pieces.
You spent 252 gold pieces at shops.

Inventory:

Hand Weapons
 a - a +0 long sword (weapon)
Armour
 b - a +0 scale mail
 c - a +0 buckler
 d - the +5 ring mail "Rocrirphipn" (worn) {rPois MP+9 Int+3}
   (You bought it in a shop in the Dungeon)

   Int:       It affects your intelligence (+3).
   rPois:     It protects you from poison.
   MP:        It affects your magic capacity (+9).
Potions
 e - a potion of haste
 h - 2 potions of magic
 i - a potion of berserk rage


   Skills:
 + Level 11.2 Fighting
 * Level 12.1 Long Blades
 + Level 10.9 Armour
 - Level 2.3 Dodging
 - Level 3.2 Shields


You had 7 spell levels left.
You didn't know any spells.
Your spell library was empty.

Dungeon Overview and Level Annotations

Branches:
Dungeon (1/1)

Altars:
Cheibriados
Dithmenos
Elyvilon
Fedhas
Gozag
Hepliaklqana
Kikubaaqudgha
Makhleb
Nemelex Xobeh
Okawaru
Qazlal
Ru
Sif Muna
Trog
Uskayaw
Vehumet
Wu Jian
Xom
Yredelemnul
Zin
The Shining One
Jiyva
Lugonu

Shops:
D [:[[![[?[==:(=!

Annotations:
D exclusion: oklob plant


Innate Abilities, Weirdness & Mutations

You are immune to sickness and miasma.
Your stone body is resilient. (AC +5)
You are immune to poison.
You resist negative energy. (rN+)
You are resistant to electric shocks. (rElec)
You are resistant to unholy torment.
You are immune to petrification.


Message History

The polar bear claws you but does no damage.
The polar bear barely misses you.
You slash the polar bear!
The polar bear is almost dead.
The polar bear bites you!
* * * LOW HITPOINT WARNING * * *
The polar bear barely misses you.
The polar bear claws you but does no damage.
The polar bear barely misses you. The polar bear completely misses you.
The polar bear claws you but does no damage.
You barely miss the polar bear.
The polar bear is almost dead.
The polar bear bites you!
* * * LOW HITPOINT WARNING * * *
The polar bear claws you but does no damage.
The polar bear claws you.
* * * LOW HITPOINT WARNING * * *
The polar bear closely misses you. x2; The polar bear misses you.
You hit the polar bear but do no damage.
The polar bear is almost dead.
The polar bear closely misses you.
The polar bear claws you but does no damage. x2
The polar bear bites you but does no damage.
The polar bear closely misses you.
The polar bear claws you but does no damage.
You hit the polar bear but do no damage.
The polar bear is almost dead.
The polar bear bites you.
* * * LOW HITPOINT WARNING * * *
The polar bear claws you but does no damage.
The polar bear barely misses you. The polar bear closely misses you.
The polar bear claws you but does no damage.
The polar bear barely misses you.
You aren't carrying any scrolls.
Unknown command.
You hit the polar bear but do no damage.
The polar bear is almost dead.
You feel yourself speed up. The polar bear bites you!
You die...

#####~~#+++#+++##
####~~~.........#
...#~~~~.##'##..
..∩#~~~~###.###.#### +.### ○▓$$
.∩.#~~~~#..#..#....# ...# ##▓?$
∩.∩#~~####.#.####..## #..# $#▓((
.∩.#~##.###'###.##..# +..# y#▓[$
∩..#~#.####.##)..#..# #..# .#▓??
...'~'##.'.<.†##@hy§####..##.#▓$!
...#†#...##.##...#.§.§###h..##▓▓▓
▓###~##.###'###.##..§.§.~~~~~~~~~
####~~####.).####~~.§.§.~#'######
##~~~#..#..#~~~§§~§..~#._._._.
#'#~##...##~~~~§~§~.~#.._._._
#.#~~##+##~~~§§§§§~~~#._._._. ###
~~~ ~~~~~~§§≈§§~~#_._._._
+++#+++#~§≈≈≈≈≈≈§#._._._.


You could see a polar bear (berserk) and a hornet.

Vanquished Creatures
  A merfolk siren (D)
  A yaktaur (D)
  A polar bear (D)
  Menkaure (D)
  2 water moccasins (D)
  4 necrophages (D)
  4 scorpions (D)
  A hell rat (D)
  3 worms (D)
18 creatures vanquished.

Vanquished Creatures (others)
  4 tentacles (D)
4 creatures vanquished.

Grand Total: 22 creatures vanquished

Notes
Turn   | Place    | Note
-------+----------+-------------------------------------------
     0 | D        | dialectric the Gargoyle Fighter began the quest for the
                  | Orb.
     0 | D        | Reached XP level 1. HP: 14/14 MP: 1/1
     8 | D        | Noticed a scorpion
     8 | D        | Noticed a scorpion
     8 | D        | Noticed a scorpion
     8 | D        | Noticed a scorpion
    18 | D        | Killed a scorpion
    19 | D        | Reached skill level 3 in Long Blades
    19 | D        | Reached skill level 5 in Armour
    19 | D        | Reached XP level 2. HP: 18/22 MP: 2/2
    19 | D        | Reached XP level 3. HP: 22/27 MP: 3/3
    22 | D        | Killed a scorpion
    23 | D        | Reached skill level 4 in Long Blades
    23 | D        | Reached XP level 4. HP: 25/32 MP: 4/4
    26 | D        | Killed a scorpion
    27 | D        | Reached skill level 5 in Long Blades
    27 | D        | Reached XP level 5. HP: 22/38 MP: 5/5
    31 | D        | Reached XP level 6. HP: 27/44 MP: 6/6
    37 | D        | Reached skill level 6 in Long Blades
    40 | D        | Noticed Menkaure
    42 | D        | Reached skill level 7 in Long Blades
    56 | D        | Reached skill level 8 in Long Blades
    56 | D        | Reached XP level 7. HP: 30/51 MP: 7/7
    57 | D        | Killed Menkaure
    63 | D        | Noticed a merfolk siren
    70 | D        | Killed a merfolk siren
    71 | D        | Reached skill level 10 in Fighting
    71 | D        | Reached skill level 10 in Long Blades
    71 | D        | Reached skill level 10 in Armour
    71 | D        | Reached XP level 8. HP: 39/58 MP: 8/8
    80 | D        | Found a glowing silver altar of Zin.
    81 | D        | Found a glowing golden altar of the Shining One.
    81 | D        | Found a basalt altar of Yredelemnul.
    81 | D        | Found a hide-covered altar of Uskayaw.
    82 | D        | Found a shimmering altar of Xom.
    82 | D        | Found a bloodstained altar of Trog.
    83 | D        | Found an ornate altar of the Wu Jian Council.
    83 | D        | Found a shimmering blue altar of Sif Muna.
    83 | D        | Found a corrupted altar of Lugonu.
    83 | D        | Found a radiant altar of Vehumet.
    83 | D        | Found a burning altar of Makhleb.
    84 | D        | Found a sacrificial altar of Ru.
    84 | D        | Found an ancient bone altar of Kikubaaqudgha.
    84 | D        | Found a white marble altar of Elyvilon.
    85 | D        | Found a stormy altar of Qazlal.
    85 | D        | Found a viscous altar of Jiyva.
    85 | D        | Found a shadowy altar of Dithmenos.
    86 | D        | Found a hazy altar of Hepliaklqana.
    86 | D        | Found a snail-covered altar of Cheibriados.
    88 | D        | Found a sparkling altar of Nemelex Xobeh.
    88 | D        | Found a blossoming altar of Fedhas.
    89 | D        | Found an opulent altar of Gozag.
    89 | D        | Found an iron altar of Okawaru.
    93 | D        | Became a worshipper of Trog the Wrathful
   106 | D        | Noticed a kraken
   173 | D        | Noticed a yaktaur
   173 | D        | Noticed a hornet
   173 | D        | Noticed a polar bear
   173 | D        | Noticed a polar bear
   173 | D        | Noticed a polar bear
   361 | D        | Reached * piety under Trog
   386 | D        | Noticed a flying skull
   386 | D        | Noticed a flying skull
   386 | D        | Noticed a flying skull
   386 | D        | Noticed a flying skull
   386 | D        | Noticed a flying skull
   386 | D        | Noticed a flying skull
   387 | D        | Noticed a flying skull
   387 | D        | Noticed a flying skull
   387 | D        | Noticed a flying skull
   387 | D        | Noticed a flying skull
   388 | D        | Noticed a flying skull
   389 | D        | Noticed a flying skull
   415 | D        | Found Newk's Antique Weapon Shop.
   415 | D        | Found Citesev's Antique Armour Boutique.
   415 | D        | Found Keajic's Distillery.
   415 | D        | Found Ozxap's Jewellery Boutique.
   415 | D        | Found Aneng's Book Boutique.
   415 | D        | Found Furotan's Jewellery Boutique.
   416 | D        | Found Qeotain's Jewellery Shop.
   416 | D        | Found Vupn's Magic Scroll Boutique.
   416 | D        | Found Lezeffih's Antique Armour Shop.
   417 | D        | Found Oronip's Armour Shop.
   417 | D        | Found Jomus's Distillery.
   418 | D        | Noticed a wyvern
   418 | D        | Noticed a wyvern
   419 | D        | Found Jieni's Antique Armour Boutique.
   419 | D        | Found Igarhig's Armour Shop.
   419 | D        | Noticed an oklob plant
   419 | D        | Noticed a cane toad
   420 | D        | Found Gimmak's Antique Armour Shop.
   420 | D        | Found Qoohui's Book Shoppe.
   422 | D        | Noticed a cane toad
   446 | D        | Bought an opal-encrusted ring mail for 252 gold pieces
   446 | D        | Identified the +5 ring mail "Rocrirphipn" {rPois MP+9
                  | Int+3} (You bought it in a shop in the Dungeon)
   551 | D        | Reached skill level 11 in Long Blades
   735 | D        | Killed a polar bear
   735 | D        | Reached ** piety under Trog
   741 | D        | Killed a yaktaur
   742 | D        | Reached skill level 12 in Long Blades
   779 | D        | HP: 1/60 [polar bear (5)]
   780 | D        | Mangled by a polar bear

Illustrated notes

Levels and vault maps discovered:
D:        the_violet_keep_of_menkaure [sprint2_stairs_cluster_1,
          sprint2_shoproom, sprint2_temple, sprint2_basic_supplies,
          sprint2_obstacle_2, sprint2_obstacle_7, sprint2_obstacle_1,
          sprint2_obstacle_6, sprint2_obstacle_3, sprint2_timed_cluster_1,
          sprint2_smallroom_cluster_1, sprint2_smallroom_final_cluster_1,
          sprint2_transparent_cluster_1, sprint2_second_timed_cluster_1,
          sprint2_sniper_area_1, sprint2_heavy_combat_area_1,
          sprint2_mutation_trap_area_1, sprint2_forest_area_1,
          sprint2_light_combat_area_1, sprint2_behind_water_1,
          sprint2_near_end_vault_1]

Skill      XL: |  1  2  3  4  5  6  7  8 |
---------------+-------------------------+-----
Fighting       | 6 7 8 9 10 11 | 11.2
Long Blades    | 3 4 5 8 10 12 | 12.1
Armour         | 5 6 7 8 9 10 | 10.9
Dodging        | 2 |  2.3
Shields        | |  3.2

Action                     |  1- 3 |  4- 6 |  7- 9 || total
---------------------------+-------+-------+-------++-------
  Melee: Long sword        |    11 |    30 |   139 ||   180
         Punch             |     1 |       |     3 ||     4
 Invoke: Berserk           |       |       |     1 ||     1
    Use: Potion            |     1 |     1 |     2 ||     4
         Scroll            |       |       |     1 ||     1
 Armour: Scale mail        |     9 |    11 |    33 ||    53
         Ring mail         |       |       |    46 ||    46
  Dodge: Dodged            |     9 |    12 |    80 ||   101

Table legend: (Time is in decaauts)
 A = Elapsed time spent in this place.
 B = Non-inter-level travel time spent in this place.
 C = Inter-level travel time spent in this place.
 D = Time resting spent in this place.
 E = Time spent auto-exploring this place.
 F = Levels seen in this place.
 G = Mean time per level.
                   A        B        C        D        E       F      G
               +--------+--------+--------+--------+--------+-----+--------+
         Total |    782 |    782 |      0 |    248 |     78 |   1 |  782.0 |
       Dungeon |    782 |    782 |      0 |    248 |     78 |   1 |  782.0 |
               +--------+--------+--------+--------+--------+-----+--------+

Top non-repeatable levels by time:
       D: 782 daAuts
